Map: Kairos Junction LE

Players

IBlackyI

  • Race: Zerg Zerg
  • League: Master
  • Spawn Location: 5:00

Mez - Winner!

  • Race: Terran Terran
  • League: Master
  • Spawn Location: 11:00

VOD

Have the link to the VOD?

Description

Time

  • Played on: Aug. 16, 2019, 4:14 p.m.
  • Length: 17:37
Show
View Real Time Build Order
Export as new Build Order

IBlackyI Zerg 

Build Orders: Hatch First 

Get SALT Encoding   

  12  0:01  Drone  
  13  0:12  Overlord  
  13  0:22  Drone  
  14  0:31  Drone x2  
  16  0:40  Drone  
  17  0:52  Hatchery  
  17  0:55  Drone  
  17  0:58  Drone  
  18  1:09  Extractor  
  17  1:13  Spawning Pool  
  16  1:18  Drone  
  16  1:19  Drone  
  18  1:29  Drone  
  19  1:39  Overlord  
  19  2:01  Zergling x4  
  19  2:04  Queen  
  19  2:06  Queen  
  25  2:08  Metabolic Boost  
  25  2:11  Drone x2  
  27  2:24  Drone x2  
  29  2:33  Drone x2  
  30  2:47  Drone x3  
  33  2:52  Roach Warren  
  32  3:03  Overlord  
  32  3:12  Overlord  
  31  3:25  Drone  
  31  3:26  Drone x4  
  35  3:27  Overlord  
  35  3:32  Zergling x6, Hatchery  
  37  3:37  Extractor  
  37  3:38  Drone  
  37  3:47  Drone x2  
  39  3:50  Drone  
  40  3:57  Overlord  
  40  4:02  Roach x5  
  50  4:04  Roach  
  50  4:08  Overlord  
  52  4:19  Spore Crawler  
  52  4:20  Drone, Spore Crawler  
  52  4:24  Roach x2  
  52  4:27  Roach  
  54  4:32  Zergling x6  
  54  4:33  Zergling x2  
  54  4:36  Zergling x2  
  54  4:37  Zergling x2  
  60  4:40  Zergling x2  
  60  4:43  Ravager x3  
  64  4:46  Ravager  
  64  4:47  Zergling x2  
  64  4:48  Zergling x2  
  67  4:53  Zergling x4  
  69  5:20  Drone  
  69  5:21  Drone x5  
  73  5:24  Overlord  
  73  5:35  Overlord x2  
  73  5:37  Lair  
  73  5:42  Evolution Chamber, Queen x2  
  77  5:43  Baneling Nest  
  74  5:50  Overlord x2  
  74  5:53  Spore Crawler  
  73  6:01  Zergling x8  
  73  6:02  Zergling x6  
  80  6:08  Drone x3  
  80  6:09  Drone  
  84  6:16  Zerg Ground Armor Level 1  
  84  6:20  Drone x3  
  84  6:22  Drone  
  84  6:23  Drone  
  88  6:39  Centrifical Hooks  
  88  6:40  Zergling x2  
  88  6:41  Zergling x14  
  88  6:43  Baneling  
  88  6:44  Baneling x3  
  88  6:45  Baneling  
  88  6:46  Baneling x2  
  96  6:47  Baneling  
  96  7:05  Drone x2  
  96  7:06  Hydralisk Den, Extractor  
  95  7:10  Baneling  
  95  7:13  Drone x2  
  95  7:14  Drone x8  
  95  7:15  Drone x3  
  108  7:16  Extractor x2  
  108  7:22  Overlord x2  
  106  7:23  Extractor  
  105  7:30  Drone x2  
  105  7:31  Drone  
  105  7:32  Drone x3  
  111  7:38  Overseer  
  111  7:42  Ravager  
  109  8:05  Drone x3  
  112  8:06  Drone x3  
  112  8:12  Queen  
  115  8:14  Zerg Ground Armor Level 2  
  115  8:17  Zergling x2  
  115  8:18  Zergling x26  
  115  8:19  Overlord  
  130  8:21  Baneling  
  130  8:22  Baneling x6  
  130  8:27  Overlord  
  130  8:29  Overlord x2  
  130  8:33  Evolution Chamber  
  130  8:34  Evolution Chamber  
  128  8:39  Infestation Pit  
  127  8:45  Baneling x7  
  121  9:09  Zergling x2  
  114  9:10  Zergling x20  
  96  9:28  Zergling x12  
  96  9:30  Baneling x4  
  96  9:31  Baneling x4  
  93  9:32  Zerg Melee Weapons Level 1, Zerg Missile Weapons Level 1  
  93  9:35  Hive  
  93  9:37  Spire  
  92  9:41  Hydralisk  
  92  9:42  Hydralisk x3  
  92  9:45  Zergling x6  
  99  9:53  Extractor  
  99  9:54  Hatchery, Hydralisk x3, Extractor  
  102  10:01  Grooved Spines  
  102  10:08  Drone  
  103  10:18  Hydralisk  
  103  10:19  Hydralisk x4  
  113  10:23  Baneling x3  
  113  10:24  Zergling x2  
  113  10:25  Zergling x10  
  113  10:27  Overlord  
  96  10:58  Zergling x2  
  96  10:59  Zergling x22  
  96  11:01  Baneling  
  107  11:05  Queen  
  103  11:12  Muscular Augments  
  100  11:25  Baneling x5  
  100  11:28  Greater Spire  
  100  11:30  Hydralisk  
  100  11:31  Hydralisk x12  
  126  11:38  Hatchery  
  119  11:41  Queen  
  109  11:48  Zergling x2  
  109  11:49  Zergling x14  
  109  11:51  Zerg Missile Weapons Level 2  
  109  11:52  Zerg Ground Armor Level 3  
  109  11:58  Drone x3  
  106  12:08  Baneling x2  
  106  12:09  Baneling x6  
  104  12:16  Zergling x8  
  104  12:17  Zergling x20  
  115  12:30  Corruptor x4  
  106  12:57  Zergling x2  
  106  12:58  Zergling x36  
  117  13:06  Brood Lord x2  
  117  13:09  Brood Lord  
  123  13:16  Brood Lord  
  123  13:18  Baneling  
  123  13:19  Baneling x4  
  125  13:20  Baneling x3  
  125  13:24  Adrenal Glands  
  125  13:26  Drone x2  
  127  13:28  Drone  
  126  13:42  Zerg Melee Weapons Level 2  
  126  13:44  Queen  
  129  13:58  Drone  
  129  13:59  Drone x2  
  129  14:02  Overlord x3  
  130  14:03  Overlord x3  
  130  14:11  Zerg Missile Weapons Level 3  
  130  14:19  Hatchery  
  130  14:23  Drone x5  
  134  14:25  Corruptor x2  
  138  14:32  Zergling x6  
  138  14:33  Zergling x8  
  138  14:34  Zergling x2  
  146  14:41  Baneling  
  146  14:42  Baneling x12  
  142  14:59  Zergling x2  
  135  15:00  Zergling x28  
  135  15:04  Brood Lord  
  142  15:27  Zergling x2  
  142  15:28  Zergling x34  
  141  15:30  Baneling x6  
  141  15:31  Baneling  
  137  15:45  Overlord x3  
  137  15:46  Overlord  
  137  15:47  Corruptor  
  137  15:48  Extractor  
  137  15:49  Zergling x2  
  139  15:52  Extractor  
  139  15:54  Brood Lord  
  140  16:00  Ultralisk Cavern  
  139  16:14  Hatchery  
  138  16:21  Corruptor x2, Brood Lord  
  138  16:22  Corruptor x2  
  147  16:39  Zergling x10  
  151  16:40  Zergling x6  
  151  16:46  Zergling x6  
  151  16:47  Zergling x22  
  101  17:02  Brood Lord  
  101  17:03  Brood Lord  
Show
View Real Time Build Order
Export as new Build Order

Mez Terran - Winner!

Build Orders: Liberator Opening, Reaper Expand 

Get SALT Encoding   

  12  0:01  SCV  
  13  0:13  SCV  
  14  0:17  Supply Depot  
  14  0:25  SCV  
  15  0:39  SCV  
  15  0:40  Barracks  
  16  0:49  Refinery  
  16  0:51  SCV  
  17  1:03  SCV  
  18  1:21  SCV  
  19  1:32  Reaper  
  20  1:33  Orbital Command  
  20  1:40  Command Center  
  20  1:49  Supply Depot  
  20  1:59  SCV  
  21  2:04  Marine  
  22  2:11  SCV  
  22  2:13  Factory  
  23  2:28  Barracks Reactor  
  23  2:47  SCV  
  24  2:54  Orbital Command  
  24  3:05  Starport  
  24  3:08  Command Center  
  24  3:11  Hellion x2  
  28  3:20  Engineering Bay  
  28  3:23  SCV  
  29  3:33  SCV  
  30  3:35  SCV  
  31  3:41  Refinery  
  31  3:42  Hellion x2  
  31  3:43  Liberator  
  35  3:54  SCV x2  
  40  4:06  Hellion x2, SCV x2  
  46  4:14  Supply Depot  
  46  4:19  SCV x2  
  47  4:26  Orbital Command  
  47  4:32  SCV x2  
  47  4:35  Barracks Tech Lab  
  49  4:42  Barracks  
  49  4:43  Supply Depot, Barracks, Factory Tech Lab  
  49  4:44  SCV x2, Starport Reactor  
  51  4:56  SCV x2  
  53  5:05  Siege Tank  
  51  5:21  Marine  
  52  5:32  Marine  
  52  5:33  Starport Reactor, Marine  
  52  5:34  Stimpack  
  54  5:38  Siege Tank  
  54  5:39  Marine  
  58  5:50  SCV x2  
  58  5:53  Marine  
  61  5:58  Supply Depot  
  61  5:59  Supply Depot  
  61  6:01  Supply Depot x2  
  61  6:08  Orbital Command  
  61  6:14  Engineering Bay  
  61  6:16  Engineering Bay  
  61  6:20  SCV x2, Marine x5  
  68  6:31  Siege Tank  
  68  6:32  SCV x2, Medivac  
  75  6:38  Medivac  
  77  6:47  Refinery  
  77  6:49  Refinery  
  77  6:59  Supply Depot  
  77  7:00  Supply Depot  
  77  7:06  SCV x3  
  77  7:07  Siege Tank  
  83  7:18  SCV x2  
  83  7:19  SCV, Marine x5  
  91  7:25  Barracks  
  91  7:26  Barracks  
  91  7:28  Supply Depot  
  91  7:30  Supply Depot  
  91  7:32  Terran Infantry Armor Level 1, Terran Infantry Weapons Level 1  
  91  7:33  Supply Depot  
  91  7:36  SCV  
  91  7:37  SCV, Marine x3  
  94  7:41  Marine x2  
  94  7:44  Siege Tank  
  101  7:47  Supply Depot x2  
  101  7:51  Orbital Command  
  101  7:55  Marine x3  
  100  8:00  Marine x2  
  93  8:12  Marine  
  93  8:13  Marine  
  95  8:21  Supply Depot  
  95  8:23  Supply Depot  
  95  8:25  Marine x2  
  95  8:27  Barracks Reactor  
  98  8:28  Barracks Reactor  
  98  8:29  Medivac x2  
  98  8:30  Marine x2  
  98  8:31  Combat Shield, Marine  
  104  8:40  SCV x3  
  107  8:43  Marine x2  
  107  8:46  Supply Depot  
  107  8:48  Bunker  
  109  8:52  SCV  
  109  8:55  Marine x3, Supply Depot  
  113  8:56  Siege Tank  
  113  9:00  Marine  
  113  9:01  Marine  
  113  9:12  Marine  
  113  9:17  Marine  
  96  9:23  Marine x7  
  101  9:28  Siege Tank  
  101  9:30  Marine  
  100  9:34  Marine  
  100  9:36  Armory  
  101  9:39  SCV x3  
  101  9:41  Marine x2  
  101  9:42  Command Center  
  101  9:43  Factory  
  101  9:44  Refinery  
  106  9:45  Refinery  
  106  9:51  SCV x2  
  106  9:52  SCV  
  108  9:57  Marine x7  
  115  10:01  Siege Tank  
  115  10:02  Medivac x2  
  115  10:03  SCV  
  125  10:13  Supply Depot  
  123  10:14  Supply Depot  
  123  10:15  Supply Depot  
  123  10:19  Marine x6  
  129  10:31  Marine x3  
  129  10:34  Siege Tank, Factory Tech Lab  
  135  10:37  Marine x2  
  115  10:58  Marine x9  
  115  10:59  Siege Tank  
  115  11:01  Medivac x2  
  115  11:02  SCV x2  
  130  11:15  Marine  
  130  11:16  Marine  
  122  11:26  Marine x3  
  122  11:31  Marine x2  
  122  11:32  Siege Tank x2  
  127  11:45  Marine x7  
  110  11:48  Medivac  
  110  11:49  Marine x2  
  111  11:55  Planetary Fortress  
  111  11:56  Terran Infantry Weapons Level 2  
  106  12:02  Marine  
  106  12:03  Marine x2  
  106  12:04  Siege Tank x2  
  106  12:05  Marine x2  
  106  12:06  Marine x2  
  106  12:07  Marine x2, Medivac  
  120  12:20  Marine  
  120  12:21  Marine  
  118  12:24  Marine  
  118  12:25  Marine x4  
  121  12:35  Marine x2  
  121  12:36  Siege Tank  
  124  12:37  Siege Tank  
  124  12:38  Marine  
  124  12:39  Marine, Medivac x2  
  124  12:42  Marine  
  110  12:53  SCV  
  110  12:54  SCV x2  
  99  13:00  Marine  
  99  13:01  Marine x8  
  108  13:05  SCV  
  108  13:06  SCV x2  
  108  13:08  Siege Tank  
  108  13:09  Medivac x2  
  118  13:18  SCV  
  119  13:20  Marine x4  
  119  13:21  Marine x3  
  119  13:25  Marine x2  
  119  13:26  Siege Tank  
  131  13:36  Supply Depot  
  131  13:37  SCV x2, Supply Depot  
  131  13:38  SCV, Marine x6  
  131  13:40  Siege Tank  
  138  13:42  Marine  
  138  13:43  Marine x2  
  138  13:44  Medivac x2  
  138  13:45  Barracks x2  
  138  13:47  Barracks  
  140  13:56  Marine x6  
  140  14:00  Marine  
  140  14:01  Marine x2  
  148  14:05  Siege Tank  
  151  14:12  Factory  
  151  14:13  Terran Infantry Weapons Level 3, Terran Infantry Armor Level 2  
  151  14:14  Marine x4, Medivac x2  
  151  14:15  Siege Tank  
  162  14:18  Refinery  
  162  14:27  Marine x3  
  162  14:28  Refinery, Marine  
  162  14:30  Command Center  
  166  14:34  Marine x6  
  152  14:46  Marine  
  152  14:47  Marine x3  
  151  14:55  Viking  
  151  14:56  Viking, Marine x2  
  151  14:57  Marine x6  
  156  15:01  Thor, Factory Tech Lab  
  156  15:04  Marine  
  158  15:28  Viking x2  
  156  15:39  Marine x7  
  156  15:41  Liberator  
  156  15:42  Barracks Tech Lab x2  
  162  15:45  Thor  
  171  16:14  Marine x8  
  171  16:16  Marine, Marauder x3  
  186  16:23  Siege Tank x2  
  192  16:32  Marine x2  
  192  16:40  Marine  
  192  16:41  Marine x9  
  182  16:58  Marine  
  182  16:59  Marine  
  184  17:02  Marine  
  184  17:03  Marine x9  
Tags
 
Add a new tag
Caveats
  • Supply blocks, unpowered buildings, or Contaminate may cause inaccurate times.
  • Supply counts are checked every 10 seconds.